 Dungeon Crawl Stone Soup version 0.30-a0-358-g0d69a1922f (webtiles) character file.

Game seed: 16505357753314430937

130 RIPer the Cudgeller (level 4, -1/40 HPs)
             Began as a Minotaur Berserker on Nov 10, 2022.
             Was a Believer of Trog.
             Slain by an orc
             ... wielding a +0 trident
              (3 damage)
             ... on level 3 of the Dungeon on Nov 14, 2022.
             The game lasted 00:09:37 (1703 turns).

RIPer the Cudgeller (Minotaur Berserker)            Turns: 1703, Time: 00:09:38

Health: -1/40      AC:  6    Str: 24    XL:     4   Next: 90%
Magic:  3/3        EV: 10    Int:  4    God:    Trog [**....]
Gold:   62         SH:  0    Dex:  9    Spells: 3/3 levels left

rFire   . . .      SeeInvis .    a - +0 mace
rCold   . . .      Faith    .    (no shield)
rNeg    . . .      Spirit   .    n - +0 scale mail
rPois   +          Reflect  .    (helmet restricted)
rElec   .          Harm     .    (no cloak)
rCorr   .          Rampage  .    (no gloves)
Will    .....                    (no boots)
Stlth   ..........               (no amulet)
HPRegen 0.26/turn                i - ring of poison resistance
MPRegen 0.08/turn                (no ring)

@: no status effects
A: horns 2, retaliatory headbutt
a: Renounce Religion, Berserk, Trog's Hand


You were on level 3 of the Dungeon.
You worshipped Trog.
Trog was pleased with you.
You visited 1 branch of the dungeon, and saw 3 of its levels.

You collected 62 gold pieces.

Inventory:

Hand Weapons
 a - a +0 mace (weapon)
 d - a +0 sling
Missiles
 h - 8 stones (quivered)
Armour
 b - a +0 animal skin
 m - a +0 ring mail
 n - a +0 scale mail (worn)
Jewellery
 i - a ring of poison resistance (left hand)
Scrolls
 c - a scroll of summoning {unknown}
Potions
 e - a potion of magic
 f - 2 potions of curing
 j - a potion of mutation
 l - a potion of invisibility
 o - a potion of degeneration {unknown}
 p - a potion of ambrosia {unknown}


   Skills:
 - Level 4.0 Fighting
 + Level 6.2 Maces & Flails
 - Level 0.2 Ranged Weapons
 - Level 2.5 Armour
 + Level 2.6 Dodging


You had 3 spell levels left.
You didn't know any spells.
Your spell library was empty.

Dungeon Overview and Level Annotations

Branches:
Dungeon (3/15)

Altars:
Ashenzari
Uskayaw


Innate Abilities, Weirdness & Mutations

You have a pair of horns on your head.
You reflexively headbutt those who attack you in melee.


Message History

The orc barely misses you. The goblin hits you but does no damage.
The orc hits you but does no damage.
You hit the orc but do no damage. You headbutt the orc.
You kill the orc!
Trog accepts your kill. The orc barely misses you.
The goblin hits you but does no damage.
You hit the orc but do no damage. The orc hits you but does no damage.
The orc barely misses you. The goblin hits you with a +0 dagger.
You hit Terence but do no damage. The orc barely misses you.
The orc closely misses you. The goblin hits you but does no damage.
Terence hits you but does no damage.
You hit Terence.
Terence is moderately wounded.
The orc hits you with a +0 flail. The orc barely misses you.
Terence hits you with a +1 vorpal mace. The goblin closely misses you.
You are too injured to fight recklessly!
You are too injured to fight recklessly!
You are too injured to fight recklessly!
You are too injured to fight recklessly!
You are too injured to fight recklessly!
You hit Terence.
Terence is moderately wounded.
The orc hits you with a +0 flail.
* * * LOW HITPOINT WARNING * * *
The orc hits you from afar with a +0 trident.
* * * LOW HITPOINT WARNING * * *
Terence closely misses you. You furiously retaliate!
You headbutt Terence!
You kill Terence!
Trog accepts your kill.
The goblin hits you but does no damage. x2; The orc closely misses you.
The orc hits you but does no damage.
You hit the orc but do no damage. The goblin hits you but does no damage.
The orc hits you from afar with a +0 trident.
* * * LOW HITPOINT WARNING * * *
The orc hits you with a +0 flail.
* * * LOW HITPOINT WARNING * * *
You hit the orc but do no damage. Your headbutt misses the orc.
The goblin misses you.
The orc hits you from afar with a +0 trident.
You die...

### ..# #.# #.# #
#.#### .##
#.##.## ....
#...#.######...##
##.###.#..)o.....
#.## ##..@o......
##.###.#..g......
###.#.######...##
#......# .... .
##..#.#.# ..# ..
#...#...# # .#
#.#)####..###.##.
#
.....#..........
#.##..#.......###


You could see 2 orcs and a goblin.

Vanquished Creatures
  An orc wizard (D:3)
  Terence (D:3)
  3 adders
  A worm (D:2)
  A dart slug (D:2)
  2 orcs (D:3)
  5 endoplasms
  4 giant cockroaches
  3 goblins
  3 hobgoblins
  6 jackals (D:2)
  A kobold (D:2)
  5 quokkas
  3 ball pythons (D:1)
  4 bats
  A frilled lizard (D:1)
  A rat (D:1)
45 creatures vanquished.

Vanquished Creatures (others)
  19 plants (D:2)
19 creatures vanquished.

Grand Total: 64 creatures vanquished

Notes
Turn   | Place    | Note
-------+----------+-------------------------------------------
     0 | D:1      | RIPer the Minotaur Berserker began the quest for the Orb.
     0 | D:1      | Reached XP level 1. HP: 19/19 MP: 0/0
   194 | D:1      | Reached XP level 2. HP: 27/27 MP: 1/1
   298 | D:1      | Reached skill level 4 in Maces & Flails
   594 | D:2      | Reached ** piety under Trog
   597 | D:2      | Reached XP level 3. HP: 33/33 MP: 2/2
   795 | D:2      | Found a broken altar of Ashenzari.
   923 | D:2      | Reached skill level 5 in Maces & Flails
  1270 | D:2      | Found a hide-covered altar of Uskayaw.
  1653 | D:3      | Reached XP level 4. HP: 38/40 MP: 3/3
  1661 | D:2      | Identified a scroll of acquirement
  1661 | D:2      | Acquired a manual of Dodging
  1692 | D:3      | Noticed Terence
  1695 | D:3      | Reached skill level 6 in Maces & Flails
  1701 | D:3      | Killed Terence
  1702 | D:3      | HP: 1/40 [orc/+0 flail (2)]
  1703 | D:3      | Slain by an orc

Illustrated notes

Levels and vault maps discovered:
D:1:      lightli_arrival_lavapool, layout_rooms, minmay_tromino_v4_c
D:2:      wad_woods_stonehenge, layout_basic, basic_altar, fountainhead
D:3:      layout_loops_cross, serial_shops, shop_statue,
          minmay_increasing_density, uniq_crazy_yiuf_cottage, uniq_ijyb,
          uniq_terence

Skill      XL: |  1  2  3  4 |
---------------+-------------+-----
Fighting       | 4 |  4.0
Maces & Flails | 4 5 6 |  6.2
Ranged Weapons | |  0.2
Armour         | |  2.5
Dodging        | |  2.6

Action                   |  1- 3 |  4- 6 || total
-------------------------+-------+-------++-------
Melee: Mace              |    95 |    15 ||   110
       Headbutt          |    14 |     3 ||    17
 Fire: Sling             |     3 |       ||     3
Throw: Stone             |     6 |       ||     6
  Use: Scroll            |       |     7 ||     7
Armor: Animal skin       |     7 |       ||     7
       Scale mail        |    10 |    17 ||    27
       Ring mail         |     6 |       ||     6
Dodge: Dodged            |    63 |    16 ||    79

Table legend: (Time is in decaauts)
 A = Elapsed time spent in this place.
 B = Non-inter-level travel time spent in this place.
 C = Inter-level travel time spent in this place.
 D = Time resting spent in this place.
 E = Time spent auto-exploring this place.
 F = Levels seen in this place.
 G = Mean time per level.
                   A        B        C        D        E       F      G
               +--------+--------+--------+--------+--------+-----+--------+
         Total |   1721 |   1476 |    245 |      0 |   1157 |   3 |  573.7 |
       Dungeon |   1721 |   1476 |    245 |      0 |   1157 |   3 |  573.7 |
               +--------+--------+--------+--------+--------+-----+--------+

Top non-repeatable levels by time:
     D:2: 1209 daAuts
     D:1: 457 daAuts
     D:3: 54 daAuts
